 Dungeon Crawl Stone Soup version 0.22.1-2-g9c5b331 (webtiles) character file.

17 MalarOregon the Insei (level 2, -1/21 HPs)
             Began as a Merfolk Transmuter on Nov 21, 2018.
             Slain by a bullfrog (5 damage)
             ... on level 2 of the Dungeon.
             The game lasted 00:03:19 (606 turns).

MalarOregon the Insei (Merfolk Transmuter)           Turns: 606, Time: 00:03:20

Health: -1/21      AC:  3    Str: 10    XL:     2   Next: 62%
Magic:  2/5        EV: 13    Int: 12    God:
Gold:   31         SH:  0    Dex: 14    Spells: 2/5 levels left

rFire    . . .     SeeInvis .   m - +0 spear
rCold    . . .     Gourm    .   (no shield)
rNeg     . . .     Faith    .   b - +0 robe
rPois    .         Spirit   .   (no helmet)
rElec    .         Reflect  .   (no cloak)
rCorr    .         Harm     .   c - +0 pair of gloves
MR       .....                  (no boots)
Stlth    ++........             (no amulet)
HPRegen  0.07/turn              i - ring of stealth
MPRegen  0.09/turn              (no ring)

@: no status effects
A: change form in water, swift swim, stealthy swim
a: no special abilities


You were on level 2 of the Dungeon.
You were not hungry.

You visited 1 branch of the dungeon, and saw 2 of its levels.

You collected 31 gold pieces.

Inventory:

Hand Weapons
 m - a +0 spear (weapon)
   (You found it on level 1 of the Dungeon)
Missiles
 a - 10 arrows
Armour
 b - a +0 robe (worn)
 c - a +0 pair of gloves (worn)
   (You found it on level 1 of the Dungeon)
Jewellery
 i - a ring of stealth (left hand)
   (You found it on level 1 of the Dungeon)
 l - an uncursed ring of fire {unknown}
   (You found it on level 1 of the Dungeon)
Scrolls
 f - 2 scrolls of identify {unknown}
 j - a scroll of teleportation {unknown}
 n - a scroll of immolation {unknown}
Potions
 d - a potion of flight {unknown}
 h - 2 potions of heal wounds {unknown}
Comestibles
 e - 2 rations {!d}
 g - 3 chunks of flesh


   Skills:
 + Level 1.4 Fighting
 * Level 1.0 Polearms
 + Level 3.0 Dodging
 + Level 3.5 Unarmed Combat
 + Level 2.1 Spellcasting
 + Level 3.0 Transmutations


You had 2 spell levels left.
You knew the following spells:

 Your Spells              Type           Power        Failure   Level  Hunger
a - Beastly Appendage     Tmut           #.....       8%          1    ##.....
s - Sticks to Snakes      Tmut           #.......     12%         2    ###....

Your spell library contained the following spells:

 Spells                   Type           Power        Failure   Level  Hunger
 Spider Form              Tmut/Pois      #.........   41%         3    ####...
 Ice Form                 Ice/Tmut       #.......     82%         4    #####..
 Blade Hands              Tmut           #.........   91%         5    ######.


Dungeon Overview and Level Annotations

Branches:
Dungeon (1/15)

Altars:


Message History

You hit the hobgoblin but do no damage. The hobgoblin closely misses you.
The jackal bites you but does no damage.
A bullfrog comes into view.
You create a snake!
You now have 11 arrows.
The jackal barely misses you. The hobgoblin closely misses you.
Casting: Sticks to Snakes (safe; 12% risk of failure)
You create a snake!
You now have 10 arrows.
The bullfrog barely misses your adder. The jackal barely misses your adder.
The hobgoblin hits you.
* * * LOW HITPOINT WARNING * * *
The bullfrog hits your adder. The jackal misses you.
Your ball python bites the jackal but does no damage.
Your ball python completely misses the jackal.
The jackal barely misses your adder. Something completely misses your adder.
The jackal barely misses your adder.
Your adder barely misses the hobgoblin.
A jackal comes into view.
Something hits your adder. The jackal bites you.
* * * LOW HITPOINT WARNING * * *
The jackal barely misses your adder.
Your ball python bites the jackal but does no damage.
Your ball python barely misses the jackal.
The jackal bites you.
* * * LOW HITPOINT WARNING * * *
The bullfrog hits your adder!
Your adder dies!
Found a ring mail.
Casting: Sticks to Snakes (safe; 12% risk of failure)
You don't have enough magic to cast that spell.
A kobold comes into view. It is wielding a dagger.
The kobold shouts!
Something hits your ball python. The jackal bites your ball python.
Your ball python dies!
Found a ration and a tapered lead wand.
You hit the hobgoblin but do no damage. The hobgoblin closely misses you.
You hit the hobgoblin but do no damage. The hobgoblin barely misses you.
You hit the hobgoblin but do no damage. The hobgoblin barely misses you.
As you read the scroll labeled BUKHOMIDDE, it crumbles to dust.
You feel blessed for a moment.
It was a scroll of remove curse.
The bullfrog barely misses you. The hobgoblin misses you.
The bullfrog hits you.
* * * LOW HITPOINT WARNING * * *
A dart slug comes into view.
The kobold hits you but does no damage.
Found 17 gold pieces and a scroll labeled CODODGH JEHIMU.
Okay, then.
The bullfrog hits you.
You die...

..#.#
#...#........
#.....#w.?...
####.)##.#......
#.....##........
#.....h#..$...
#....#.#....#
#....#h#....#
......#g#@...##.
.........FK...%..(
........hh....#...
###...........# .
................
........#.......
..........[......
............../..
#.####. ....###


You could see a bullfrog, a dart slug, 2 jackals and a kobold.

Vanquished Creatures
  A leopard gecko (D:1)
  2 bats (D:1)
  2 goblins (D:1)
  3 hobgoblins
  4 frilled lizards (D:1)
  2 kobolds (D:1)
  2 rats (D:1)
16 creatures vanquished.

Notes
Turn   | Place    | Note
-------+----------+-------------------------------------------
     0 | D:1      | MalarOregon the Merfolk Transmuter began the quest for the
                  | Orb.
     0 | D:1      | Reached XP level 1. HP: 15/15 MP: 3/3
   194 | D:1      | Reached XP level 2. HP: 20/21 MP: 5/5
   261 | D:1      | Learned a level 2 spell: Sticks to Snakes
   570 | D:1      | You fall through a shaft!
   585 | D:2      | Reached skill level 1 in Polearms
   594 | D:2      | Noticed a bullfrog
   606 | D:2      | Slain by a bullfrog

Skill      XL: |  1  2 |
---------------+-------+-----
Polearms       | 1 |  1.0
Dodging        | 3 |  3.0
Transmutations | 3 |  3.0
Fighting       | |  1.4
Unarmed Combat | |  3.5
Spellcasting   | |  2.1

Action                   || total
-------------------------++-------
Melee: Unarmed           ||    27
       Spear             ||    42
       Headbutt          ||     1
 Cast: Beastly Appendage ||     5
       Sticks to Snakes  ||     2
  Use: Scroll            ||     1
 Stab: Sleeping          ||     4
Armor: Robe              ||    10
Dodge: Dodged            ||    48
